 Dungeon Crawl Stone Soup version 0.20-a0-1034-gb277f92 (webtiles) character file.

355 Duffy the Shield-Bearer (level 6, 56/56 HPs)
             Began as a Naga Fighter on Apr 21, 2017.
             Was a Follower of the Shining One.
             Quit the game on level 4 of the Dungeon.
             The game lasted 00:03:22 (4285 turns).

Duffy the Shield-Bearer (Naga Fighter)              Turns: 4285, Time: 00:03:23

Health: 56/56      AC:  6    Str: 20    XL:     6   Next: 63%
Magic:  6/6        EV:  8    Int:  9    God:    the Shining One [*.....]
Gold:   147        SH: 10    Dex: 10    Spells: 5/5 levels left

rFire    . . .     SeeInvis +   s - +3 whip (venom)
rCold    . . .     Gourm    .   c - +0 shield
rNeg     . . .     Faith    .   b - +0 scale mail
rPois    +         Spirit   .   (no helmet)
rElec    .         Reflect  .   q - +0 cloak
rCorr    .         Harm     +   (no gloves)
MR       .....                  (no barding)
Stlth    ..........             l - amulet of harm
Regen    0.2/turn               p - +2 ring of evasion
MPRegen  0.1/turn               (no ring)

@: glowing, very slow
A: see invisible, deformed body, poison resistance, slowness 2, slow metabolism
1, spit poison 1, AC +2
a: Spit Poison, Renounce Religion


You were on level 4 of the Dungeon.
You worshipped the Shining One.
The Shining One was aware of your devotion.
You were hungry.

You visited 1 branch of the dungeon, and saw 4 of its levels.
You also visited: Sewer.

You collected 147 gold pieces.

Inventory:

Hand Weapons
 a - a +0 war axe
 s - a +3 whip of venom (weapon)
 C - a +1 flail of protection
Armour
 b - a +0 scale mail (worn)
 c - a +0 shield (worn)
 q - a +0 cloak (worn)
Jewellery
 l - an amulet of harm (around neck)
 p - a +2 ring of evasion (left hand)
Scrolls
 e - a scroll of enchant weapon
 g - a scroll of amnesia {unknown}
 m - a scroll of blinking {unknown}
 n - 2 scrolls of remove curse
 t - a scroll of immolation {unknown}
 v - a scroll of magic mapping {unknown}
 x - a scroll of identify {unknown}
 B - a scroll of recharging
Potions
 d - 2 potions of might
 k - 4 potions of curing {unknown}
 o - a potion of agility {unknown}
 u - a potion of magic {unknown}
 w - a potion of degeneration {unknown}
 z - 5 potions of flight {unknown}
 A - a potion of heal wounds {unknown}
 D - a potion of brilliance {unknown}
Comestibles
 f - 2 bread rations
 h - 4 meat rations
 i - 4 fruits
 j - 2 royal jellies


   Skills:
 - Level 3.0 Fighting
 - Level 2.0 Axes
 - Level 2.4 Armour
 + Level 6.0 Shields


You had 5 spell levels left.
You didn't know any spells.

Dungeon Overview and Level Annotations

Branches:
Dungeon (4/15)
 Temple: D:4-7

Altars:
The Shining One


Innate Abilities, Weirdness & Mutations

You cannot wear boots.
Your serpentine skin is tough. (AC +2)
You have supernaturally acute eyesight. (SInv)
Armour fits poorly on your strangely shaped body.
Your system is resistant to poisons. (rPois)
You cover ground very slowly.
You have a slow metabolism.
You can spit poison.


Message History

You whack the howler monkey!
The howler monkey looks as sick as possible!
The howler monkey is heavily wounded.
You kill the howler monkey!
Your Shields skill increases to level 6!
No target in view!
No target in view!
No target in view!
No target in view!
No target in view!
No target in view!
No target in view!
No target in view!
No target in view!
No target in view!
No target in view!
No target in view!
No target in view!
No target in view!
Are you sure you want to abandon this character and quit the game? (Confirm with "yes".)

#........ #.......
.......# ......
#....## #..... ###
#.%.# #.# #.@#
#.#####..#
##..##..## ##..#..#
........ ###...# #
#......# ##..# #..#
#......## ##.###..#
#........ #..#...#
##........
#......###.........


There were no monsters in sight!

Vanquished Creatures
  A scorpion (D:4)
  A howler monkey (D:4)
  An orc wizard (D:4)
  An iguana (D:4)
  7 gnolls
  4 adders (D:3)
  An ooze (D:2)
  2 worms
  3 dart slugs
  3 leopard geckos
  7 orcs
  3 ball pythons
  9 bats
  9 giant cockroaches
  6 goblins
  2 hobgoblins (D:2)
  3 quokkas (D:2)
  11 frilled lizards
  9 kobolds
  11 rats
94 creatures vanquished.

Vanquished Creatures (others)
  A giant cockroach (D:1)
  A goblin (D:1)
2 creatures vanquished.

Grand Total: 96 creatures vanquished

Notes
Turn   | Place    | Note
-------+----------+-------------------------------------------
     0 | D:1      | Duffy the Naga Fighter began the quest for the Orb.
     0 | D:1      | Reached XP level 1. HP: 21/21 MP: 1/1
   361 | D:1      | Reached XP level 2. HP: 27/28 MP: 2/2
   522 | D:1      | Reached skill level 3 in Shields
  1488 | D:2      | Found a glowing golden altar of the Shining One.
  1517 | D:2      | Reached XP level 3. HP: 31/34 MP: 3/3
  1569 | D:2      | Became a worshipper of the Shining One
  2400 | D:3      | Reached XP level 4. HP: 23/42 MP: 4/4
  2464 | D:3      | Reached skill level 4 in Shields
  2470 | D:3      | Found a glowing drain.
  2522 | Sewer    | Entered a sewer
  2751 | D:3      | Reached XP level 5. HP: 49/49 MP: 5/5
  3483 | D:4      | Reached * piety under the Shining One
  3487 | D:4      | Reached skill level 5 in Shields
  3585 | D:4      | Reached XP level 6. HP: 56/56 MP: 6/6
  4284 | D:4      | Reached skill level 6 in Shields
  4285 | D:4      | Quit the game

Vault maps used:
D:1:      dpeg_arrival_subterranean_lakeside_camping, lemuel_old_faithful
D:2:      lemuel_doored_altar, corexii_item_surrounded_by_moat,
          eino_tiny_chamber
D:3:      portal_sewer_entry_f, wad_orctagon
Sewer:    sewer_co_purgy_island

Skill      XL: |  1  2  3  4  5  6 |
---------------+-------------------+-----
Shields        | 3 4 5 6 |  6.0
Fighting       | |  3.0
Axes           | |  2.0
Armour         | |  2.4

Action                   |  1- 3 |  4- 6 || total
-------------------------+-------+-------++-------
Melee: War axe           |   138 |       ||   138
       Whip              |    39 |   131 ||   170
  Use: Scroll            |       |     3 ||     3
  Eat: Chunk             |     4 |     4 ||     8
Armor: Scale mail        |    65 |    12 ||    77
       Ring mail         |       |    17 ||    17
Dodge: Dodged            |    51 |    43 ||    94
Block: Shield            |    98 |    63 ||   161
